 Dungeon Crawl Stone Soup version 0.28-a0-43-g560ac104fe (webtiles) character file.

Game seed: 549633676962179691

707 DasRunzen the Chiller (level 7, -3/59 HPs)
             Began as a Black Draconian Ice Elementalist on July 28, 2021.
             Slain by Grinder (4 damage)
             ... on level 5 of the Dungeon.
             The game lasted 00:11:32 (5467 turns).

DasRunzen the Chiller (DrIE)                        Turns: 5467, Time: 00:11:33

Health: -3/59      AC: 10    Str: 10    XL:     7   Next: 40%
Magic:  13/13      EV: 13    Int: 18    God:
Gold:   254        SH:  0    Dex: 11    Spells: 10/14 levels left

rFire   . . .      SeeInvis .   d - +1 dagger (venom)
rCold   . . .      Faith    .   (no shield)
rNeg    . . .      Spirit   .   (armour unavailable)
rPois   .          Reflect  .   (helmet restricted)
rElec   +          Harm     .   i - +2 cloak
rCorr   .          Rampage  .   (no gloves)
Will    .....                   b - +0 pair of boots
Stlth   ++........              (no amulet)
HPRegen 0.19/turn               (no ring)
MPRegen 0.13/turn               (no ring)

@: no status effects
A: breathe lightning, AC +6, unfitting armour, electricity resistance,
cold-blooded
a: Breathe Lightning


You were on level 5 of the Dungeon.
You visited 1 branch of the dungeon, and saw 5 of its levels.

You collected 254 gold pieces.

Inventory:

Hand Weapons
 d - a +1 dagger of venom (weapon)
Missiles
 m - 2 throwing nets
Armour
 b - a +0 pair of boots (worn)
 i - a +2 cloak (worn)
 j - a +0 buckler
Jewellery
 c - an amulet of the acrobat
Wands
 h - a wand of digging (5)
 k - a wand of mindburst (7)
 p - a wand of iceblast (6)
Scrolls
 a - a scroll of blinking
 f - a scroll of teleportation
Potions
 e - 2 potions of degeneration {unknown}
 g - a potion of cancellation {unknown}
 l - a potion of mutation {unknown}


   Skills:
 + Level 4.0 Fighting
 + Level 3.9 Dodging
 - Level 1.7 Stealth
 + Level 1.6 Shields
 + Level 4.0 Spellcasting
 + Level 5.6 Ice Magic


You had 10 spell levels left.
You knew the following spells:

 Your Spells              Type           Power      Damage    Failure   Level
a - Freeze                Ice            96%        1d11      1%          1
b - Frozen Ramparts       Ice            48%        1d6       4%          3

Your spell library contained the following spells:

 Spells                   Type           Power      Damage    Failure   Level
 Ozocubu's Armour         Ice            24%        N/A       4%          3
 Animate Skeleton         Necr           6%         N/A       14%         1
 Apportation              Tloc           6%         N/A       14%         1
 Corona                   Hex            3%         N/A       14%         1
 Foxfire                  Conj/Fire      12%        2x1d4     14%         1
 Summon Small Mammal      Summ           12%        N/A       14%         1
 Call Canine Familiar     Summ           3%         N/A       41%         3
 Conjure Flame            Conj/Fire      3%         6-21      41%         3
 Gell's Gravitas          Tloc           1%         N/A       41%         3
 Inner Flame              Hex/Fire       3%         N/A       41%         3
 Lesser Beckoning         Tloc           1%         N/A       41%         3
 Summon Guardian Golem    Hex/Summ       3%         N/A       41%         3
 Teleport Other           Tloc           3%         N/A       41%         3
 Hailstorm                Conj/Ice       13%        3d5       41%         4


Dungeon Overview and Level Annotations

Branches:
Dungeon (5/15)
 Temple: D:4-7

Altars:

Annotations:
D:5 Grinder


Innate Abilities, Weirdness & Mutations

You can breathe wild blasts of lightning.
Your glossy black scales are hard. (AC +6)
You cannot fit into any form of body armour.
You are resistant to electric shocks. (rElec)
You are cold-blooded and may be slowed by cold attacks.


Message History

Unknown command.
You hit Grinder.
Grinder is heavily wounded.
Grinder hits you but does no damage.
Unknown command.
You closely miss Grinder.
Grinder is heavily wounded.
Grinder blinks!
You barely miss Grinder.
You tail-slap Grinder, but do no damage.
Grinder is heavily wounded.
Grinder gestures at you. Pain shoots through your body!
Unknown command.
You closely miss Grinder.
Grinder is heavily wounded.
Grinder misses you.
You hit Grinder but do no damage.
Grinder is severely wounded.
Grinder hits you!
You writhe in agony.
You hit Grinder but do no damage.
Grinder is severely wounded.
Grinder hits you but does no damage.
You hit Grinder.
Grinder looks as sick as possible!
Grinder is severely wounded.
Grinder gestures at you. Pain shoots through your body!
* * * LOW HITPOINT WARNING * * *
Unknown command.
You hit Grinder but do no damage.
Grinder is almost dead.
Grinder hits you.
* * * LOW HITPOINT WARNING * * *
Unknown command.
You barely miss Grinder.
Grinder is almost dead.
Grinder hits you!
* * * LOW HITPOINT WARNING * * *
You writhe in agony.
You die...

##.. ..?.. .....
5. .....#### #.#
........##...###
...............
#...####.#
#........#
######...@###.#
.......<.5.......
#######..####<##.#
#..# .< #..# .
#... ##.## #.# ..


You could see Grinder (extremely poisoned).

Vanquished Creatures
  Sigmund (D:3)
  2 water moccasin zombies (D:4)
  A centaur zombie (D:4)
  An orc priest (D:4)
  Ijyb (D:3)
  2 scorpion zombies (D:4)
  An orc wizard (D:4)
  Terence (D:3)
  A hound zombie (D:4)
  3 hound skeletons
  Robin (D:3)
  4 gnolls (D:4)
  4 adders
  An ufetubus (D:5)
  2 adder zombies (D:4)
  2 adder skeletons (D:4)
  3 worms
  A dart slug (D:2)
  8 orcs (D:4)
  5 bats
  3 endoplasms
  4 giant cockroaches
  15 goblins
  8 hobgoblins
  A quokka (D:3)
  8 ball pythons
  3 frilled lizards
  3 kobolds
  5 rats
95 creatures vanquished.

Vanquished Creatures (others)
  2 fungi (D:3)
  4 plants (D:3)
  6 toadstools (D:3)
  2 withered plants (D:4)
14 creatures vanquished.

Grand Total: 109 creatures vanquished

Notes
Turn   | Place    | Note
-------+----------+-------------------------------------------
     0 | D:1      | DasRunzen the Draconian Ice Elementalist began the quest
                  | for the Orb.
     0 | D:1      | Reached XP level 1. HP: 14/14 MP: 3/3
   286 | D:1      | Reached XP level 2. HP: 9/22 MP: 3/5
   812 | D:1      | Found a faded altar of an unknown god.
  1062 | D:2      | Reached skill level 1 in Fighting
  1147 | D:2      | Reached XP level 3. HP: 23/28 MP: 6/6
  1980 | D:2      | Reached XP level 4. HP: 33/36 MP: 8/8
  2217 | D:3      | Noticed Terence
  2345 | D:3      | Killed Terence
  2369 | D:3      | Noticed Sigmund
  2404 | D:3      | Killed Sigmund
  2405 | D:3      | Reached XP level 5. HP: 32/44 MP: 3/10
  2601 | D:3      | Reached skill level 5 in Ice Magic
  2652 | D:3      | Learned a level 3 spell: Frozen Ramparts
  2655 | D:3      | Noticed Robin
  2662 | D:3      | Reached XP level 6. HP: 50/50 MP: 7/11
  2670 | D:3      | Killed Robin
  2836 | D:3      | Noticed Ijyb
  2849 | D:3      | Killed Ijyb
  4539 | D:4      | Reached skill level 1 in Shields
  4539 | D:4      | Your scales start taking on a glossy black colour.
  4539 | D:4      | Reached XP level 7. HP: 39/58 MP: 9/12
  4539 | D:4      | Gained mutation: You are resistant to electric shocks.
                  | (rElec) [Black Draconian growth]
  5425 | D:5      | Entered Level 5 of the Dungeon
  5428 | D:5      | Noticed Grinder
  5452 | D:5      | Paralysed by Grinder for 4 turns
  5467 | D:5      | HP: 1/59 [Grinder (8)]
  5467 | D:5      | Slain by Grinder

Illustrated notes

Levels and vault maps discovered:
D:1:      roderic_crossed_star, layout_loops_ring,
          hellmonk_ecumenical_altar_run_dry
D:2:      layout_basic, serial_corexii_hall, corexii_hall_statues_t,
          corexii_hall_statues_l, grunt_ministairs_12,
          chequers_serial_rivers_micro_a, serial_bayou_pond_b,
          minmay_splitting_lines
D:3:      layout_basic, minmay_gold_behind_fungi, hangedman_feature_mirror,
          serial_bayou_lagoon_b, uniq_sigmund, uniq_ijyb, uniq_robin,
          uniq_terence
D:4:      layout_basic, serial_undead, serial_undead_a, serial_undead_e,
          serial_undead_c, serial_undead_d
D:5:      layout_basic, interstate_on_off, uniq_grinder, uniq_blork_the_orc,
          uniq_pikel

Skill      XL: |  1  2  3  4  5  6  7 |
---------------+----------------------+-----
Dodging        | 2 3 |  3.9
Fighting       | 1 2 3 4 |  4.0
Spellcasting   | 3 4 |  4.0
Ice Magic      | 5 |  5.6
Shields        | 1 |  1.6
Stealth        | |  1.7

Action                   |  1- 3 |  4- 6 |  7- 9 || total
-------------------------+-------+-------+-------++-------
Melee: Club              |    56 |       |       ||    56
       Tailslap          |    12 |    36 |    16 ||    64
       Dagger            |    62 |   249 |    94 ||   405
 Cast: Freeze            |     9 |    22 |       ||    31
       Frozen Ramparts   |       |     7 |     2 ||     9
  Use: Scroll            |     2 |     4 |     2 ||     8
       Potion            |       |     1 |       ||     1
 Stab: Sleeping          |     1 |     2 |     1 ||     4
Armor: Skin              |    40 |   121 |    27 ||   188
Dodge: Dodged            |    80 |   210 |    58 ||   348

Table legend: (Time is in decaauts)
 A = Elapsed time spent in this place.
 B = Non-inter-level travel time spent in this place.
 C = Inter-level travel time spent in this place.
 D = Time resting spent in this place.
 E = Time spent auto-exploring this place.
 F = Levels seen in this place.
 G = Mean time per level.
                   A        B        C        D        E       F      G
               +--------+--------+--------+--------+--------+-----+--------+
         Total |   5510 |   5438 |     72 |    991 |   3284 |   5 | 1102.0 |
       Dungeon |   5510 |   5438 |     72 |    991 |   3284 |   5 | 1102.0 |
               +--------+--------+--------+--------+--------+-----+--------+

Top non-repeatable levels by time:
     D:4: 1700 daAuts
     D:3: 1446 daAuts
     D:2: 1259 daAuts
     D:1: 1061 daAuts
     D:5: 41 daAuts
